 Dungeon Crawl Stone Soup version 0.23.0 (webtiles) character file.

Game seed: 11989059322810836639

186 Kairos the Shield-Bearer (level 5, -3/28 HPs)
             Began as a Vine Stalker Fighter on Feb 12, 2019.
             Slain by a gnoll
             ... wielding a +0 flail
              (4 damage)
             ... on level 3 of the Dungeon.
             The game lasted 00:03:02 (2091 turns).

Kairos the Shield-Bearer (Vine Stalker Fighter)     Turns: 2091, Time: 00:03:03

Health: -3/28      AC:  7    Str: 20    XL:     5   Next: 65%
Magic:  0/6        EV:  5    Int:  8    God:
Gold:   117        SH: 15    Dex: 16    Spells: 4/4 levels left

rFire    . . .     SeeInvis .   a - +1 war axe
rCold    . . .     Gourm    .   j - +1 large shield
rNeg     . . .     Faith    .   b - +0 scale mail
rPois    .         Spirit   +   (no helmet)
rElec    .         Reflect  .   (no cloak)
rCorr    .         Harm     .   (no gloves)
MR       .....                  q - +0 pair of boots
Stlth    ..........             (no amulet)
HPRegen  0.49/turn              n - +3 ring of dexterity
MPRegen  0.10/turn              (no ring)

@: about to teleport
A: fangs 2, regeneration 1, magic shield, antimagic bite, no potion heal 3, rot
immunity
a: no special abilities


You were on level 3 of the Dungeon.
You were not hungry.

You visited 1 branch of the dungeon, and saw 3 of its levels.

You collected 117 gold pieces.

Inventory:

Hand Weapons
 a - a +1 war axe (weapon)
Armour
 b - a +0 scale mail (worn)
 c - a +0 shield
 j - a +1 large shield (worn)
 q - a +0 pair of boots (worn)
Jewellery
 n - a +3 ring of dexterity (left hand)
 s - an uncursed ring of ice {unknown}
Wands
 r - a wand of polymorph (7)
Scrolls
 e - a scroll of teleportation
 h - 3 scrolls of remove curse
 p - a scroll of immolation
Potions
 d - 2 potions of might
 g - a potion of brilliance {unknown}
 i - 2 potions of curing {unknown}
 k - a potion of lignification {unknown}
 l - 2 potions of ambrosia {unknown}
 m - 2 potions of flight {unknown}
 o - a potion of agility {unknown}
Comestibles
 f - 11 rations


   Skills:
 + Level 3.4 Fighting
 + Level 2.9 Axes
 + Level 3.1 Armour
 + Level 0.7 Dodging
 + Level 0.1 Stealth
 + Level 3.8 Shields


You had 4 spell levels left.
You didn't know any spells.
Your spell library was empty.

Dungeon Overview and Level Annotations

Branches:
Dungeon (3/15)

Altars:


Innate Abilities, Weirdness & Mutations

You have extremely sharp teeth.
Your natural rate of healing is unusually fast.
When hurt, damage is shared between your health and your magic reserves.
Your bite disrupts and absorbs the magic of your enemies.
Potions cannot restore your health.
You are immune to rotting.


Message History

The gnoll barely misses you. You block the gnoll's attack.
The gnoll hits you from afar with a +0 spear.
The gnoll hits you but does no damage. You block the gnoll's attack. x2
Unknown command.
Your shield prevents you from hitting the gnoll.
The gnoll is heavily wounded.
You slash the gnoll! You barely miss the gnoll. You block the gnoll's attack.
The gnoll hits you with a +0 spear! You block the gnoll's attack.
The gnoll hits you with a +0 flail!
* * * LOW HITPOINT WARNING * * *
The gnoll hits you from afar with a +0 spear.
* * * LOW HITPOINT WARNING * * *
You are too injured to fight recklessly!
Unknown command.
You are too injured to fight recklessly!
Unknown command.
As you read the scroll of teleportation, it crumbles to dust.
You feel strangely unstable. The gnoll hits you but does no damage.
You block the gnoll's attack. The gnoll hits you with a +0 flail.
You die...

.....#...# #.. .#.#
####.#.... #..## .#.#
#.#...# #..#.....#
#.#...# #........
######.#...# . .....
............ #.#.#g##
..........#.
#.#gg..###.####..†##.
#...@g...... #...###
#.#....###.. #...#
#.#.## #...# #.#...
....# #.##### ###.##
#.#.# #. #.#.# #.#.#
#.#.#


You could see 4 gnolls.

Vanquished Creatures
  A crimson imp (D:2)
  5 adders
  4 gnolls (D:3)
  An ooze (D:2)
  2 worms (D:2)
  2 dart slugs (D:2)
  A leopard gecko (D:1)
  5 giant cockroaches
  3 goblins
  6 hobgoblins
  9 bats
  10 frilled lizards
  4 kobolds
  6 rats
59 creatures vanquished.

Notes
Turn   | Place    | Note
-------+----------+-------------------------------------------
     0 | D:1      | Kairos the Vine Stalker Fighter began the quest for the
                  | Orb.
     0 | D:1      | Reached XP level 1. HP: 11/11 MP: 2/2
   183 | D:1      | Reached XP level 2. HP: 12/16 MP: 3/3
   931 | D:2      | Reached XP level 3. HP: 19/19 MP: 4/4
  1504 | D:2      | Gained mutation: Your natural rate of healing is unusually
                  | fast. [Vine Stalker growth]
  1504 | D:2      | Reached XP level 4. HP: 18/24 MP: 5/5
  1656 | D:2      | Reached XP level 5. HP: 24/28 MP: 6/6
  2090 | D:3      | HP: 1/28 [gnoll/+0 spear (2)]
  2091 | D:3      | Slain by a gnoll

Skill      XL: |  1  2  3  4 |
---------------+-------------+-----
Shields        | 3 |  3.8
Axes           | 2 |  2.9
Fighting       | 3 |  3.4
Armour         | 3 |  3.1
Dodging        | |  0.7
Stealth        | |  0.1

Action                   |  1- 3 |  4- 6 || total
-------------------------+-------+-------++-------
Melee: War axe           |   125 |    77 ||   202
       Bite              |    30 |    23 ||    53
  Use: Scroll            |     4 |     3 ||     7
  Eat: Chunk             |     1 |     3 ||     4
Armor: Scale mail        |    44 |    37 ||    81
Dodge: Dodged            |    30 |    15 ||    45
Block: Shield            |    20 |       ||    20
       Large shield      |    67 |    86 ||   153
